 Dungeon Crawl Stone Soup version 0.31-a0-431-g88bdf31460 (webtiles) character file.

Game seed: 12171033669164133971

118 garrulousMonolith the Ruffian (level 4, -4/36 HPs)
             Began as a Draconian Shapeshifter on July 31, 2023.
             Slain by a bullfrog (7 damage)
             ... in a sewer.
             The game lasted 00:02:12 (1427 turns).

garrulousMonolith the Ruffian (DrSh)                Turns: 1427, Time: 00:02:13

Health: -4/36      AC:  5    Str: 15 (17) XL:     4   Next: 72%
Magic:  4/4        EV: 12    Int:  7 (8)  God:
Gold:   136        SH:  5    Dex: 13 (14) Spells: 3/3 levels left

rFire   . . .        c - +2 short sword (venom)
rCold   . . .        m - +1 buckler
rNeg    . . .        (body armour unavailable)
rPois   .            (helmet currently unavailable)
rElec   .            (cloak currently unavailable)
rCorr   .            (gloves currently unavailable)
SInv    .            (boots currently unavailable)
Will    .....        (no amulet)
Stlth   +            (no ring)
HPRegen 0.26/turn    (no ring)
MPRegen 0.09/turn

%: no passive effects
@: beast-form
A: beast (slay +2), AC +5, unfitting armour, cold-blooded
a: Begin Untransformation


You were in a sewer.
You were a hulking beast.
You visited 1 branch of the dungeon, and saw 3 of its levels.
You also visited: Sewer.

You collected 136 gold pieces.

Inventory:

Hand Weapons
 c - a +2 short sword of venom (weapon)
Armour
 h - a +0 cloak
 m - a +1 buckler (worn)
Jewellery
 r - a ring of fire
Talismans
 b - a beast talisman (active)
Scrolls
 e - a scroll of poison {unknown}
 g - a scroll of vulnerability
 i - a scroll of blinking {unknown}
 j - a scroll of brand weapon {unknown}
 k - 2 scrolls of identify {unknown}
 l - a scroll of immolation {unknown}
 n - a scroll of fog {unknown}
 o - 2 scrolls of fear {unknown}
 q - 2 scrolls of enchant armour
Potions
 a - a potion of lignification
 f - a potion of degeneration
 p - a potion of brilliance {unknown}


   Skills:
 + Level 2.0 Fighting
 + Level 2.3 Dodging
 + Level 1.1 Shields
 * Level 4.0 Unarmed Combat
 * Level 3.6 Shapeshifting


You had 3 spell levels left.
You didn't know any spells.
Your spell library was empty.

Dungeon Overview and Level Annotations

Branches:
Dungeon (3/15)              Sewer (1/1)

Altars:


Innate Abilities, Weirdness & Mutations

You are a hulking beast.
Your limbs bulge with bestial killing power. (Slay +2)
Your plain brown scales are hard. (AC +5)
You cannot fit into any form of body armour.
You are cold-blooded and may be slowed by cold attacks.


Message History

* * * LOW HITPOINT WARNING * * *
The ball python bites you but does no damage.
The ball python closely misses you. The ball python closely misses you.
The ball python grabs you. The ball python constricts you.
* * * LOW HITPOINT WARNING * * *
The bullfrog hits you.
* * * LOW HITPOINT WARNING * * *
The ball python's grasp on you weakens, but your attempt to escape fails.
The bullfrog hits you but does no damage.
The ball python closely misses you. The ball python constricts you.
You escape the ball python's grasp.
You enter the shallow water.
Moving in this stuff is going to be slow.
The bullfrog attacks as you move away! The bullfrog misses you.
You block the bullfrog's attack.
The bullfrog hits you but does no damage.
The bullfrog misses you. The bullfrog closely misses you.
The ball python attacks as you move away!
The ball python bites you but does no damage.
The ball python closely misses you. The bullfrog attacks as you move away!
The bullfrog closely misses you.
The bullfrog hits you but does no damage.
The ball python bites you.
* * * LOW HITPOINT WARNING * * *
The ball python grabs you. The ball python constricts you.
The ball python barely misses you. The ball python constricts you.
You escape the ball python's grasp.
The bullfrog releases a deep croak.
The bullfrog hits you.
* * * LOW HITPOINT WARNING * * *
The bullfrog hits you.
* * * LOW HITPOINT WARNING * * *
You hit the bullfrog.
The bullfrog is poisoned.
The bullfrog is moderately wounded.
The bullfrog hits you but does no damage.
You block the bullfrog's attack. The bullfrog barely misses you.
You hit the bullfrog.
The bullfrog is heavily wounded.
You block the bullfrog's attack. The bullfrog hits you!
You die...

#~~≈~~################
#~~≈~~~÷~............÷
#~~≈~~~~~~~~~~~~~~~÷÷÷
#.~≈≈≈≈≈≈≈≈≈≈≈≈≈≈≈≈≈≈≈
#~~≈~~~~~~~~~~~~~~~~≈~
#.≈≈~~~..........~~≈~≈
#.~≈~S#######~≈≈≈≈≈≈≈~
#.~lFF# #≈≈≈~≈≈≈≈≈≈≈
#.~≈~h# #≈≈~≈≈≈≈≈≈~~
#.~≈~.# #≈≈≈≈≈≈≈≈~~~~
#.~≈~~# #≈≈≈≈≈≈≈r?.~~
#.~≈~.# #≈≈≈≈≈≈.!(?~.
#.~≈~.# #≈≈≈≈≈.~.!:~B
#~~≈~~# #≈≈≈≈≈≈~~.≈≈
#~~≈~.# #~~≈~~#
#.~≈~.#


You could see 2 bullfrogs, a ball python and a frilled lizard.

Vanquished Creatures
  6 adders
  A worm (D:3)
  5 ball pythons
  7 bats
  2 endoplasms
  7 giant cockroaches
  4 goblins
  3 hobgoblins
  4 kobolds
  6 quokkas
  12 frilled lizards (Sewer)
  5 rats
62 creatures vanquished.

Notes
Turn   | Place    | Note
-------+----------+-------------------------------------------
     0 | D:1      | garrulousMonolith the Draconian Shapeshifter began the
                  | quest for the Orb.
     0 | D:1      | Reached XP level 1. HP: 16/16 MP: 1/1
   252 | D:1      | Reached XP level 2. HP: 23/23 MP: 2/2
   270 | D:1      | You fall into a shaft and drop 1 floor!
   324 | D:2      | Found a faded altar of an unknown god.
   677 | D:2      | Reached XP level 3. HP: 28/28 MP: 3/3
   972 | D:3      | Found a glowing drain.
   985 | Sewer    | Entered a sewer
  1046 | Sewer    | Reached XP level 4. HP: 23/36 MP: 4/4
  1155 | Sewer    | Reached skill level 1 in Shields
  1297 | Sewer    | Reached skill level 4 in Unarmed Combat
  1408 | Sewer    | Noticed a bullfrog
  1409 | Sewer    | Noticed a bullfrog
  1427 | Sewer    | Slain by a bullfrog

Illustrated notes

Levels and vault maps discovered:
D:1:      onia_arrival_handbag, layout_rooms, grunt_decor_clamped
D:2:      layout_rooms, hellmonk_ecumenical_altar_crossroads,
          hangedman_decor_opposing
D:3:      layout_rooms, nicolae_ru_awakened_eye, bloody_makhleb,
          cheibrodos_sewer_entry_sluice
Sewer:    sewer_frog_island_01

Skill      XL: |  1  2  3  4 |
---------------+-------------+-----
Dodging        | 2 |  2.3
Shields        | 1 |  1.1
Unarmed Combat | 4 |  4.0
Fighting       | 2 |  2.0
Shapeshifting  | |  3.6

Action                     |  1- 3 |  4- 6 || total
---------------------------+-------+-------++-------
  Melee: Short sword       |    86 |    86 ||   172
         Unarmed           |     4 |       ||     4
         Punch             |     1 |       ||     1
         Tailslap          |     7 |     9 ||    16
    Use: Scroll            |     2 |       ||     2
         Potion            |       |     2 ||     2
 Armour: Skin              |    26 |    46 ||    72
  Dodge: Dodged            |    62 |    87 ||   149
  Block: Buckler           |    13 |    35 ||    48

Table legend: (Time is in decaauts)
 A = Elapsed time spent in this place.
 B = Non-inter-level travel time spent in this place.
 C = Inter-level travel time spent in this place.
 D = Time resting spent in this place.
 E = Time spent auto-exploring this place.
 F = Levels seen in this place.
 G = Mean time per level.
                   A        B        C        D        E       F      G
               +--------+--------+--------+--------+--------+-----+--------+
         Total |   1456 |   1400 |     56 |    181 |    803 |   4 |  364.0 |
       Dungeon |    986 |    930 |     56 |     33 |    687 |   3 |  328.7 |
         Sewer |    470 |    470 |      0 |    148 |    116 |   1 |  470.0 |
               +--------+--------+--------+--------+--------+-----+--------+

Top non-repeatable levels by time:
     D:2: 517 daAuts
   Sewer: 470 daAuts
     D:1: 442 daAuts
     D:3: 26 daAuts
